 Dungeon Crawl Stone Soup version 0.22.0-49-gab54619 (webtiles) character file.

21 ssg the Insei (level 2, 0/19 HPs)
             Began as an Octopode Transmuter on Sept 9, 2018.
             Slain by a goblin
             ... wielding a +0 club
             ... led by Robin
              (2 damage)
             ... on level 2 of the Dungeon.
             The game lasted 00:01:07 (917 turns).

ssg the Insei (Octopode Transmuter)                  Turns: 917, Time: 00:01:08

Health: 0/19       AC:  1    Str:  9    XL:     2   Next: 87%
Magic:  4/5        EV: 13    Int: 18    God:
Gold:   52         SH:  0    Dex: 12    Spells: 4/5 levels left

rFire    . . .     SeeInvis .     - Unarmed
rCold    . . .     Gourm    .   (no shield)
rNeg     . . .     Faith    .   (helmet restricted)
rPois    .         Spirit   .   f - amulet of inaccuracy (curse)
rElec    .         Reflect  .   d - ring of resist corrosion
rCorr    +         Harm     .   e - +3 ring of intelligence
MR       .....                  (no ring)
Stlth    ++........             (no ring)
HPRegen  0.06/turn              (no ring)
MPRegen  0.09/turn              (no ring)
                                (no ring)
                                (no ring)

@: appendage
A: almost no armour, stealthy swim, amphibious, 8 rings, constrict 8, tentacle
spike 3, camouflage 1, gelatinous body 1
a: End Transformation


You were on level 2 of the Dungeon.
You were not hungry.
One of your tentacles had a temporary spike.
You visited 1 branch of the dungeon, and saw 2 of its levels.

You collected 52 gold pieces.

Inventory:

Missiles
 a - 12 arrows
 b - 4 javelins (quivered)
Jewellery
 d - a ring of resist corrosion (left tentacle)
 e - a +3 ring of intelligence (right tentacle)
 f - a cursed amulet of inaccuracy (around mantle)
Comestibles
 c - 5 rations


   Skills:
 * Level 1.8 Fighting
 - Level 2.0 Dodging
 + Level 3.2 Unarmed Combat
 - Level 2.0 Spellcasting
 * Level 2.5 Transmutations


You had 4 spell levels left.
You knew the following spells:

 Your Spells              Type           Power        Failure   Level  Hunger
a - Beastly Appendage     Tmut           ##....       6%          1    #......

Your spell library contained the following spells:

 Spells                   Type           Power        Failure   Level  Hunger
 Sticks to Snakes         Tmut           ##......     10%         2    ###....
 Spider Form              Tmut/Pois      #.........   32%         3    ###....
 Ice Form                 Ice/Tmut       #.......     71%         4    #####..
 Blade Hands              Tmut           ##........   86%         5    ######.


Dungeon Overview and Level Annotations

Branches:
Dungeon (2/15)

Altars:

Annotations:
D:2 Robin


Innate Abilities, Weirdness & Mutations

You cannot wear most types of armour.
You are very stealthy in the water. (Stealth+)
You are amphibious.
You can wear up to eight rings at the same time.
You can use your tentacles to constrict eight enemies at once.
Your skin changes colour to match your surroundings (Stealth+).
Your rubbery body absorbs attacks. (AC +1, EV +1)
One of your tentacles bears a large vicious spike.


Message History

The adder closely misses you.
You are too injured to fight recklessly!
Casting: Beastly Appendage (safe; 6% risk of failure)
Confirm with . or Enter, or press ? or * to list all spells.
One of your tentacles grows a vicious spike.
The frilled lizard hisses angrily.
The goblin hits you with a club.
* * * LOW HITPOINT WARNING * * *
The adder bites you.
* * * LOW HITPOINT WARNING * * *
You barely miss the goblin. You grab the goblin. You constrict the goblin.
A goblin comes into view. It is wielding a club.
The adder barely misses you.
A goblin comes into view. It is wielding a club.
The goblin hits you but does no damage.
You tentacle-slap the goblin but do no damage.
The goblin is moderately wounded.
You constrict the goblin. The adder closely misses you.
The goblin hits you with a club.
You die... .. #.#### #..... #..gg lggg gg#

#S#
#@#
#g#
#.#
#.#
#.#
#.#
#<#
###


You could see Robin, an adder, a hobgoblin, 6 goblins and a frilled lizard.

Vanquished Creatures
  A leopard gecko (D:1)
  5 hobgoblins (D:1)
  4 bats (D:1)
  3 frilled lizards (D:1)
  3 goblins
  4 kobolds (D:1)
  2 rats (D:1)
22 creatures vanquished.

Notes
Turn   | Place    | Note
-------+----------+-------------------------------------------
     0 | D:1      | ssg the Octopode Transmuter began the quest for the Orb.
     0 | D:1      | Reached XP level 1. HP: 13/13 MP: 3/3
   395 | D:1      | Reached XP level 2. HP: 18/18 MP: 5/5
   910 | D:2      | Noticed Robin
   917 | D:2      | Slain by a goblin

Action                   || total
-------------------------++-------
Melee: Unarmed           ||    44
       Constrict         ||    15
       Tentacles         ||     8
       Punch             ||     1
 Cast: Beastly Appendage ||     1
  Use: Scroll            ||     2
 Stab: Sleeping          ||     5
Armor: Skin              ||     8
Dodge: Dodged            ||    25
